 Dungeon Crawl Stone Soup version 0.29-a0-356-g7bc237e783 (webtiles) character file.

Game seed: 10163509507400503564

4259 kevlar127 the Grappler (level 10, -9/153 HPs)
             Began as a Troll Berserker on Apr 26, 2022.
             Was an Elder of Trog.
             Mangled by an ice devil (19 damage)
             ... summoned by a kobold demonologist
             ... on level 8 of the Dungeon.
             The game lasted 00:31:24 (8181 turns).

kevlar127 the Grappler (Troll Berserker)            Turns: 8181, Time: 00:31:24

Health: -9/153     AC:  6    Str: 31    XL:     10   Next: 10%
Magic:  9/9        EV: 10    Int:  9    God:    Trog [****..]
Gold:   532        SH:  0    Dex:  9    Spells: 9/9 levels left

rFire   + . .      SeeInvis .     - Unarmed
rCold   . . .      Faith    .   (no shield)
rNeg    . . .      Spirit   .   B - +2 robe {Will+}
rPois   .          Reflect  .   (helmet restricted)
rElec   .          Harm     .   (no cloak)
rCorr   .          Rampage  .   (gloves unavailable)
Will    +++..                   (boots unavailable)
Stlth   ..........              (no amulet)
HPRegen 2.15/turn               u - +6 ring of intelligence
MPRegen 0.11/turn               A - ring of protection from fire

@: berserking, strong-willed, regenerating, very quick
A: large, unfitting armour, claws 3, regeneration 1, shaggy fur 1, tough skin 1
a: Renounce Religion, Berserk, Trog's Hand, Brothers in Arms


You were on level 8 of the Dungeon.
You worshipped Trog.
Trog was greatly pleased with you.
You visited 1 branch of the dungeon, and saw 9 of its levels.
You also visited: Ossuary.

You collected 532 gold pieces.

Inventory:

Missiles
 i - 356 stones
 j - 3 datura-tipped darts
 t - 7 poisoned darts
 F - a boomerang (quivered)
 I - a curare-tipped dart
Armour
 B - a +2 robe of willpower (worn)
Jewellery
 u - a +6 ring of intelligence (left claw)
 y - a ring of fire
 A - a ring of protection from fire (right claw)
Wands
 z - a wand of acid (27)
 G - a wand of iceblast (8)
Scrolls
 a - a scroll of fear {unknown}
 b - a scroll of fog {unknown}
 c - a scroll of noise {unknown}
 d - 4 scrolls of magic mapping {unknown}
 e - a scroll of summoning {unknown}
 g - 2 scrolls of enchant weapon {unknown}
 h - a scroll of enchant armour {unknown}
 k - a scroll of torment {unknown}
 o - 4 scrolls of teleportation
 p - 3 scrolls of amnesia
 r - 2 scrolls of holy word
 C - 2 scrolls of immolation {unknown}
 H - a scroll of vulnerability {unknown}
Potions
 f - 9 potions of curing
 l - a potion of degeneration {unknown}
 m - 4 potions of heal wounds {unknown}
 n - a potion of haste {unknown}
 q - 2 potions of ambrosia
 s - a potion of lignification {unknown}
 v - 3 potions of cancellation
 w - a potion of mutation {unknown}
 x - 3 potions of flight {unknown}
 D - a potion of brilliance {unknown}
 E - a potion of attraction {unknown}


   Skills:
 + Level 7.3 Fighting
 + Level 6.1 Throwing
 - Level 3.0 Dodging
 + Level 8.8 Unarmed Combat
 - Level 4.0 Evocations


You had 9 spell levels left.
You didn't know any spells.
Your spell library was empty.

Dungeon Overview and Level Annotations

Branches:
Dungeon (9/15)             Temple (0/1) D:7         Ossuary (visited)
   Lair: D:8-11         Orc: D:9-12

Altars:
Ashenzari
Hepliaklqana
Makhleb
Trog
Vehumet
Zin

Shops:
D:7 *


Innate Abilities, Weirdness & Mutations

You are too large for most types of armour.
You have claws for hands.
Your natural rate of healing is unusually fast.
You are covered in fur. (AC +1)
You have tough skin. (AC +1)


Message History

The kobold demonologist gestures wildly while chanting.
The neqoxec hits you!
You closely miss the neqoxec.
The kobold demonologist closely misses you.
The ice devil hits you! The ice devil freezes you!
The neqoxec barely misses you.
Your skin crawls.
You feel strong-willed.
The kobold demonologist barely misses you.
The ice devil hits you. The ice devil freezes you!
* * * LOW HITPOINT WARNING * * *
The neqoxec hits you.
* * * LOW HITPOINT WARNING * * *
Press: ? - help, v - describe, . - travel
Here: a kobold demonologist, wielding a +0 dagger and wearing a +0 robe The floor.
A red film seems to cover your vision as you go berserk!
You feel yourself moving faster!
You feel mighty!
The kobold demonologist hits you with a +0 dagger.
* * * LOW HITPOINT WARNING * * *
The ice devil barely misses you.
The neqoxec hits you but does no damage.
You mangle the kobold demonologist!!
Your claw misses the kobold demonologist.
The kobold demonologist is heavily wounded.
The ice devil hits you!
* * * LOW HITPOINT WARNING * * *
The ice devil freezes you!
* * * LOW HITPOINT WARNING * * *
The kobold demonologist hits you with a +0 dagger.
* * * LOW HITPOINT WARNING * * *
You barely miss the kobold demonologist.
The kobold demonologist is heavily wounded.
The neqoxec hits you but does no damage.
You completely miss the kobold demonologist.
The kobold demonologist is heavily wounded.
The ice devil hits you!
* * * LOW HITPOINT WARNING * * *
The ice devil freezes you!!
You die...

##........
##..####.##
####..#####.#
#...........#
##...........##
###............>#
##5..####.####.#..
#K4### #.###....#
#@## ####..##....#
#3# #.....##....#
#5## #.....##....#
#..# #.....#......
##.# #...........#
#.# #............
#.# #.....#...#.#
#.# #...........#
#.# #...........#


You could see an ice devil (summoned), a kobold demonologist, a neqoxec
(summoned), a crimson imp (summoned) and an ufetubus (summoned).

Vanquished Creatures
  Pikel (D:6)
  2 hornets
  A shadow (D:5)
  4 vampire mosquitoes (D:7)
  Edmund (D:6)
  A water moccasin (D:7)
  A black bear (D:6)
  An orc warrior (D:8)
  An ice beast (D:7)
  A sky beast (D:7)
  An ogre (D:6)
  2 phantoms (D:5)
  2 lemures (D:6)
  2 elf zombies (Ossuary)
  2 kobold brigands
  Blork the orc (D:4)
  A necrophage (D:6)
  A bullfrog (D:8)
  A scorpion (D:4)
  5 wights (D:7)
  2 killer bees (D:8)
  2 howler monkeys (D:8)
  4 centaur zombies (Ossuary)
  5 hounds
  A human zombie (Ossuary)
  4 orc priests
  2 jellies (D:6)
  5 iguanas
  3 orc wizards
  2 mummies (Ossuary)
  10 adders
  2 ufetubi
  An adder zombie (Ossuary)
  3 worms
  14 orcs
  9 endoplasms
  A giant cockroach (D:1)
  4 goblins
  5 hobgoblins
  4 jackals (D:5)
  17 kobolds
  5 quokkas
  6 ball pythons
  5 bats
  10 frilled lizards
  11 hobgoblin zombies (Ossuary)
  A jackal zombie (Ossuary)
  6 kobold zombies (Ossuary)
  10 orc zombies (Ossuary)
  4 rats
  A rat zombie (Ossuary)
191 creatures vanquished.

Vanquished Creatures (others)
  A fungus (D:7)
  3 plants (D:2)
4 creatures vanquished.

Grand Total: 195 creatures vanquished

Notes
Turn   | Place    | Note
-------+----------+-------------------------------------------
     0 | D:1      | kevlar127 the Troll Berserker began the quest for the Orb.
     0 | D:1      | Reached XP level 1. HP: 22/22 MP: 0/0
   385 | D:1      | Found a faded altar of an unknown god.
   437 | D:1      | Reached XP level 2. HP: 23/29 MP: 1/1
   936 | D:2      | Found a hazy altar of Hepliaklqana.
  1057 | D:2      | Reached XP level 3. HP: 36/36 MP: 2/2
  1231 | D:2      | Reached ** piety under Trog
  1695 | D:3      | Reached XP level 4. HP: 45/45 MP: 3/3
  1909 | D:3      | Reached skill level 1 in Throwing
  1909 | D:3      | Reached skill level 4 in Unarmed Combat
  1917 | D:3      | Reached XP level 5. HP: 27/53 MP: 4/4
  2138 | D:3      | Found a glowing silver altar of Zin.
  2362 | D:4      | Found a radiant altar of Vehumet.
  2400 | D:4      | Noticed Blork the orc
  2409 | D:4      | Killed Blork the orc
  2675 | D:4      | Reached XP level 6. HP: 62/62 MP: 5/5
  2790 | D:4      | Reached skill level 5 in Unarmed Combat
  3528 | D:5      | Entered Level 5 of the Dungeon
  3548 | D:5      | Reached XP level 7. HP: 63/71 MP: 6/6
  3629 | D:5      | Noticed a shadow
  3644 | D:5      | Killed a shadow
  3818 | D:5      | Found a broken altar of Ashenzari.
  3871 | D:5      | Reached skill level 5 in Fighting
  3871 | D:5      | Reached skill level 6 in Unarmed Combat
  4262 | D:5      | Identified the +7 long sword of Ruination {flame, rPois}
  4269 | D:6      | Noticed Pikel
  4294 | D:6      | Killed Pikel
  4295 | D:6      | Reached XP level 8. HP: 66/83 MP: 7/7
  4490 | D:6      | Noticed Edmund
  4501 | D:6      | Killed Edmund
  4502 | D:6      | Reached skill level 7 in Unarmed Combat
  4632 | D:6      | Reached skill level 1 in Evocations
  4693 | D:6      | Reached *** piety under Trog
  5269 | D:6      | Reached XP level 9. HP: 89/89 MP: 8/8
  5601 | D:7      | Reached skill level 5 in Throwing
  5797 | D:7      | Found Gamef's Assorted Antiques.
  5852 | D:7      | Found a sand-covered staircase.
  5857 | Ossuary  | Entered an ossuary
  6070 | Ossuary  | Reached **** piety under Trog
  6169 | Ossuary  | Reached skill level 8 in Unarmed Combat
  6282 | D:7      | Found a bloodstained altar of Trog.
  6350 | D:7      | Found a staircase to the Ecumenical Temple.
  6739 | D:7      | Found a burning altar of Makhleb.
  7547 | D:8      | Reached XP level 10. HP: 100/102 MP: 9/9
  8181 | D:8      | Mangled by an ice devil

Illustrated notes

Levels and vault maps discovered:
D:1:      dpeg_arrival_round_a, layout_basic, shapermc_ecumenical_altar_petra
D:2:      layout_loops_ring, basic_altar, minmay_lizard_king
D:3:      layout_rooms, zin_statuary
D:4:      layout_gridville, general_overflow_altar, uniq_blork_the_orc
D:5:      layout_cave_pools, nicolae_overflow_crystal_walls
D:6:      layout_loops_ring, uniq_edmund, uniq_pikel
D:7:      layout_gridville, bloody_trog, mainiacjoe_overflow_tiny_flanked,
          minmay_temple_entry_glassed_door, enter_ossuary_2, serial_shops,
          shop_statue
D:8:      layout_rooms
D:9:      corexii_shack_village, layout_rooms, lemuel_crystal_altar,
          david_lair_shrubbed, uniq_harold

Skill      XL: |  1  2  3  4  5  6  7  8  9 10 |
---------------+-------------------------------+-----
Dodging        | 3 |  3.0
Fighting       | 3 4 5 6 7 |  7.3
Throwing       | 1 2 4 6 |  6.1
Unarmed Combat | 4 5 6 7 8 |  8.8
Evocations     | 1 3 4 |  4.0

Action                   |  1- 3 |  4- 6 |  7- 9 | 10-12 || total
-------------------------+-------+-------+-------+-------++-------
Melee: Unarmed           |   109 |   109 |   289 |    47 ||   554
       Punch             |       |     4 |    11 |       ||    15
Throw: Boomerang         |       |       |    16 |       ||    16
Invok: Berserk           |       |     1 |     5 |     1 ||     7
       Trog's Hand       |       |     1 |     3 |     1 ||     5
  Use: Scroll            |       |       |     6 |       ||     6
 Stab: Sleeping          |     2 |     1 |       |       ||     3
Armor: Animal skin       |    28 |    28 |    10 |       ||    66
       Robe              |       |       |   107 |    19 ||   126
Dodge: Dodged            |    56 |    48 |   161 |    34 ||   299

Table legend: (Time is in decaauts)
 A = Elapsed time spent in this place.
 B = Non-inter-level travel time spent in this place.
 C = Inter-level travel time spent in this place.
 D = Time resting spent in this place.
 E = Time spent auto-exploring this place.
 F = Levels seen in this place.
 G = Mean time per level.
                   A        B        C        D        E       F      G
               +--------+--------+--------+--------+--------+-----+--------+
         Total |   8187 |   7676 |    511 |   1785 |   4591 |  10 |  818.7 |
       Dungeon |   7817 |   7306 |    511 |   1685 |   4481 |   9 |  868.6 |
       Ossuary |    370 |    370 |      0 |    100 |    110 |   1 |  370.0 |
               +--------+--------+--------+--------+--------+-----+--------+

Top non-repeatable levels by time:
     D:7: 1449 daAuts
     D:4: 1329 daAuts
     D:6: 1317 daAuts
     D:1: 888 daAuts
     D:2: 806 daAuts
     D:8: 761 daAuts
     D:5: 744 daAuts
     D:3: 499 daAuts
 Ossuary: 370 daAuts
     D:9: 20 daAuts
